Icehogs vs Reign
Created - May 25, 2022 at 19:17
Goals
|
| Icehogs |
2 |
0 |
1 |
3 |
| Reign |
1 |
1 |
0 |
2 |
|
Shots
|
| Icehogs |
12 |
12 |
7 |
31 |
| Reign |
14 |
15 |
8 |
37 |
|
1st period
1. Icehogs , Andrew Mangiapane 13 (Mike Amadio 26, Frederik Gauthier 39) at 8:25
2. Icehogs , Mikhail Grigorenko 16 (Michael Chaput 25) at 15:35
3. Reign , Tyler Pitlick 25 (Brendan Gaunce 65) at 15:41
Penalties :
Darroll Powe (Ont) for Hooking (Minor) at 8:44
2nd period
4. Reign , A.J. Jenks 16 (Thomas Chabot 45, Darroll Powe 3) at 5:23
Penalties :
Brendan Gaunce (Ont) for Charging (Minor) at 14:09, Kevin Fiala (Roc) for Hooking (Minor) at 16:34, Jack Dougherty (Ont) for Hooking (Minor) at 18:13
3rd period
5. Icehogs , Frederik Gauthier 28 (Nick Mattson 19) at 2:59
Penalties :
Ben Harpur (Roc) for Tripping (Minor) at 13:38, Matthew Tkachuk (Ont) for High sticking (Minor) at 18:18, Mikhail Grigorenko (Roc) for Hooking (Minor) at 18:51
Goalie Stats
Joe Cannata (Roc), 35 saves from 37 shots - (0.946), W, 27-21-2, 60:00 minutes
Ilya Samsonov (Ont), 28 saves from 31 shots - (0.903), L, 24-20-1, 60:00 minutes
Players Stats for Icehogs
Player Name G A P +/- PIM S H SB GA TA FO MP PP MP PK MP
------------------------------------------------------------------------------------
Andrew Mangiapane 1 0 1 0 0 3 3 0 0 0 1/2 23:24 3:25 2:14
Ben Harpur 0 0 0 0 2 2 1 1 1 1 0/0 27:32 4:13 1:17
Curtis Lazar 0 0 0 1 0 2 2 0 1 0 0/0 16:09 2:45 0:00
Dillon Dube 0 0 0 0 0 1 0 0 0 0 2/4 7:47 0:00 0:00
Frederik Gauthier 1 1 2 0 0 6 3 1 0 0 14/34 23:28 3:25 2:16
Julius Honka 0 0 0 1 0 0 1 2 0 2 0/0 12:17 0:00 0:00
Kevin Fiala 0 0 0 0 2 1 1 0 1 0 0/0 10:05 0:00 0:00
Mattias Janmark 0 0 0 0 0 0 1 0 0 0 0/1 12:04 0:00 0:48
Michael Chaput 0 1 1 1 0 2 1 0 2 0 8/16 17:15 2:45 1:08
Mike Amadio 0 1 1 0 0 3 1 0 0 1 0/1 20:07 3:25 0:00
Mike Reilly 0 0 0 0 0 1 1 0 1 1 0/0 20:42 1:57 1:43
Mikhail Grigorenko 1 0 1 1 2 2 0 0 1 0 0/0 16:19 2:44 0:36
Myles Bell 0 0 0 0 0 1 0 1 0 0 0/0 7:47 0:00 0:00
Nick Mattson 0 1 1 0 0 2 1 2 1 1 0/0 19:45 1:57 0:46
Nick Paul 0 0 0 0 0 0 0 0 0 0 0/0 0:00 0:00 0:00
Nikita Scherbak 0 0 0 0 0 0 1 0 0 0 0/0 7:47 0:00 0:00
Patrick Sieloff 0 0 0 1 0 0 0 0 0 0 0/0 12:55 0:00 0:38
Petter Granberg 0 0 0 0 0 4 3 2 1 2 0/0 27:58 4:13 2:52
Tanner Richard 0 0 0 0 0 1 1 0 0 0 5/7 11:30 0:00 0:14
Players Stats for Reign
Player Name G A P +/- PIM S H SB GA TA FO MP PP MP PK MP
------------------------------------------------------------------------------------
A.J. Jenks 1 0 1 0 0 2 3 0 1 0 0/0 13:07 0:00 0:57
Brendan Gaunce 0 1 1 1 2 8 1 1 3 0 17/33 19:47 2:05 0:55
Brendan Guhle 0 0 0 -2 0 0 0 1 0 1 0/0 15:57 0:00 3:32
Christian Dvorak 0 0 0 -1 0 0 2 0 0 0 0/1 13:09 1:33 1:27
Darroll Powe 0 1 1 0 2 1 3 0 1 2 8/14 17:05 1:33 2:28
Dylan Blujus 0 0 0 1 0 0 0 0 0 1 0/0 17:07 0:00 2:33
Jack Dougherty 0 0 0 0 2 0 1 0 0 0 0/0 7:21 1:23 0:00
Jacob Josefson 0 0 0 -1 0 0 0 0 0 0 6/8 10:01 0:00 0:00
Jakob Chychrun 0 0 0 -2 0 1 1 0 0 1 0/0 14:02 2:14 0:00
Joachim Blichfeld 0 0 0 -1 0 7 1 0 0 0 0/0 10:18 0:00 0:00
Joel Eriksson Ek 0 0 0 -1 0 3 2 0 2 0 1/3 11:53 0:00 1:27
Jordan Schmaltz 0 0 0 0 0 2 2 0 0 0 0/0 21:43 0:00 3:37
Josh Anderson 0 0 0 -1 0 3 0 0 0 1 0/0 10:18 0:00 0:00
Logan Stanley 0 0 0 0 0 0 1 1 0 1 0/0 5:44 0:00 0:00
Matthew Tkachuk 0 0 0 0 2 0 1 0 0 0 0/1 13:42 1:33 0:00
Nikita Tryamkin 0 0 0 0 0 0 1 0 0 1 0/0 20:21 0:00 2:38
Thomas Chabot 0 1 1 1 0 3 0 0 0 1 0/0 16:34 2:14 0:00
Timo Meier 0 0 0 1 0 1 1 0 1 0 1/2 18:01 2:05 0:00
Tyler Pitlick 1 0 1 1 0 5 3 2 0 0 2/3 19:57 1:24 1:34
Vince Hinostroza 0 0 0 -1 0 1 0 0 0 0 0/0 16:11 2:05 3:32
3 Stars
1 - Frederik Gauthier (Roc)
2 - Joe Cannata (Roc)
3 - Tyler Pitlick (Ont)
Power Play
Icehogs - 0 on 4 Attempt(s) - 0.00%
Reign - 0 on 3 Attempt(s) - 0.00%
Penalty Kill
Icehogs - 3 on 3 Attempt(s) - 100.00%
- Score 0 goal in Penalty Kill
Reign - 4 on 4 Attempt(s) - 100.00%
- Score 0 goal in Penalty Kill
Team Stat
Icehogs - Hits : 21 - Faceoff Wins : 30 - Blocked Shots : 9 - Penalty Minutes : 6
Reign - Hits : 23 - Faceoff Wins : 35 - Blocked Shots : 5 - Penalty Minutes : 8
Official
Referees : Francois St. Laurent and Dean Morton
Linesman : Travis Gawryletz and James Tobias
Game Notes
No Game Note
Finance
Level 1 -- Attendance: 2000 (100.00%) -- Ticket Income $70,000
Level 2 -- Attendance: 1000 (100.00%) -- Ticket Income $15,000
Total Attendance: 3000 (100.00%)
Total Ticket Income: $85,000
Other Income: $4,250
Total Income: $89,250
Icehogs
5 vs 5 Forward
Center Left Wing Right Wing Time % Phy DF OF
1 Frederik Gauthier Andrew Mangiapane Mike Amadio 40 1 2 2
2 Michael Chaput Mikhail Grigorenko Curtis Lazar 30 1 2 2
3 Tanner Richard Mattias Janmark Kevin Fiala 20 1 2 2
4 Dillon Dube Myles Bell Nikita Scherbak 10 1 2 2
5 vs 5 Defense
Defense Defense Time % Phy DF OF
1 Petter Granberg Ben Harpur 40 1 2 2
2 Nick Mattson Mike Reilly 30 1 2 2
3 Patrick Sieloff Julius Honka 20 1 2 2
4 Petter Granberg Ben Harpur 10 1 2 2
PowerPlay Forward
Center Left Wing Right Wing Time % Phy DF OF
1 Frederik Gauthier Andrew Mangiapane Mike Amadio 60 1 2 2
2 Michael Chaput Mikhail Grigorenko Curtis Lazar 40 1 2 2
PowerPlay Defense
Defense Defense Time % Phy DF OF
1 Petter Granberg Ben Harpur 60 1 2 2
2 Nick Mattson Mike Reilly 40 1 2 2
Penalty Kill 4 Players Forward
Center Wing Time % Phy DF OF
1 Frederik Gauthier Andrew Mangiapane 60 1 2 2
2 Michael Chaput Mikhail Grigorenko 40 1 2 2
Penalty Kill 4 Players Defense
Defense Defense Time % Phy DF OF
1 Petter Granberg Ben Harpur 60 1 2 2
2 Nick Mattson Mike Reilly 40 1 2 2
Penalty Kill - 3 Players Forward
Forward Time % Phy DF OF
1 Frederik Gauthier 60 1 2 2
2 Michael Chaput 40 1 2 2
Penalty Kill - 3 Players Defense
Defense Defense Time % Phy DF OF
1 Petter Granberg Ben Harpur 60 1 2 2
2 Nick Mattson Mike Reilly 40 1 2 2
4 vs 4 Forward
Center Wing Time % Phy DF OF
1 Frederik Gauthier Andrew Mangiapane 60 1 2 2
2 Michael Chaput Mikhail Grigorenko 40 1 2 2
4 vs 4 Defense
Defense Defense Time % Phy DF OF
1 Petter Granberg Ben Harpur 60 1 2 2
2 Nick Mattson Mike Reilly 40 1 2 2
Last Minutes Offensive
Center Left Wing Right Wing Defense Defense
Frederik Gauthier Andrew Mangiapane Mike Amadio Petter Granberg Ben Harpur
Last Minutes Defensive
Center Left Wing Right Wing Defense Defense
Frederik Gauthier Andrew Mangiapane Mike Amadio Petter Granberg Ben Harpur
Goaltenders
Starting : Joe Cannata
Backup : Mackenzie Blackwood
Extra Forwards
Normal : Andrew Mangiapane, Curtis Lazar, Mikhail Grigorenko - PP : Andrew Mangiapane, Curtis Lazar - PK : Andrew Mangiapane
Extra Defensemen
Normal : Mike Reilly, Patrick Sieloff, Julius Honka - PP : Mike Reilly - PK : Mike Reilly, Patrick Sieloff
Penalty Shots
Frederik Gauthier, Mike Amadio, Michael Chaput, Tanner Richard, Andrew Mangiapane
Scratches
Calle Andersson (Healthy), Clark Bishop (Healthy), Duncan Siemens (Healthy), JJ. Piccinich (Healthy), Kurtis Gabriel (Healthy)
Patrick Russell (Healthy), Ross Johnston (Healthy), Stefan Matteau (Healthy), Zach Whitecloud (Healthy), Jeremy Davies (Healthy)
Jackson Cates (Healthy), Michael Giugovaz (Healthy), Jack LaFontaine (Healthy)
Reign
5 vs 5 Forward
Center Left Wing Right Wing Time % Phy DF OF
1 Brendan Gaunce Timo Meier Tyler Pitlick 35 1 2 2
2 Darroll Powe A.J. Jenks Matthew Tkachuk 25 1 2 2
3 Jacob Josefson Christian Dvorak Vince Hinostroza 20 1 2 2
4 Joel Eriksson Ek Joachim Blichfeld Josh Anderson 20 1 2 2
5 vs 5 Defense
Defense Defense Time % Phy DF OF
1 Jordan Schmaltz Nikita Tryamkin 35 1 3 1
2 Dylan Blujus Thomas Chabot 30 1 2 2
3 Brendan Guhle Jakob Chychrun 25 1 2 2
4 Jack Dougherty Logan Stanley 10 1 2 2
PowerPlay Forward
Center Left Wing Right Wing Time % Phy DF OF
1 Brendan Gaunce Timo Meier Vince Hinostroza 60 1 2 2
2 Darroll Powe Christian Dvorak Matthew Tkachuk 40 1 2 2
PowerPlay Defense
Defense Defense Time % Phy DF OF
1 Thomas Chabot Jakob Chychrun 60 1 2 2
2 Tyler Pitlick Jack Dougherty 40 1 2 2
Penalty Kill 4 Players Forward
Center Wing Time % Phy DF OF
1 Darroll Powe Vince Hinostroza 60 1 2 2
2 Joel Eriksson Ek Christian Dvorak 40 1 2 2
Penalty Kill 4 Players Defense
Defense Defense Time % Phy DF OF
1 Jordan Schmaltz Brendan Guhle 60 1 2 2
2 Dylan Blujus Nikita Tryamkin 40 1 2 2
Penalty Kill - 3 Players Forward
Forward Time % Phy DF OF
1 Darroll Powe 60 2 3 0
2 Joel Eriksson Ek 40 2 3 0
Penalty Kill - 3 Players Defense
Defense Defense Time % Phy DF OF
1 Brendan Guhle Jordan Schmaltz 60 3 2 0
2 Dylan Blujus Nikita Tryamkin 40 3 2 0
4 vs 4 Forward
Center Wing Time % Phy DF OF
1 Brendan Gaunce Tyler Pitlick 60 1 2 2
2 Darroll Powe Timo Meier 40 1 2 2
4 vs 4 Defense
Defense Defense Time % Phy DF OF
1 Jordan Schmaltz Nikita Tryamkin 60 1 2 2
2 Dylan Blujus Thomas Chabot 40 1 2 2
Last Minutes Offensive
Center Left Wing Right Wing Defense Defense
Brendan Gaunce Timo Meier Tyler Pitlick Thomas Chabot Jakob Chychrun
Last Minutes Defensive
Center Left Wing Right Wing Defense Defense
Joel Eriksson Ek Joachim Blichfeld Vince Hinostroza Jordan Schmaltz Brendan Guhle
Goaltenders
Starting : Ilya Samsonov
Backup : Cal Petersen
Extra Forwards
Normal : Tyler Pitlick, Vince Hinostroza, Matthew Tkachuk - PP : Tyler Pitlick, Joachim Blichfeld - PK : Tyler Pitlick
Extra Defensemen
Normal : Brendan Guhle, Thomas Chabot, Jordan Schmaltz - PP : Brendan Guhle - PK : Thomas Chabot, Jakob Chychrun
Penalty Shots
Tyler Pitlick, Timo Meier, Brendan Gaunce, Vince Hinostroza, Christian Dvorak
Scratches
Adam Ollas-Mattsson (Healthy), Blake Lizotte (Healthy), Bokondji Imama (Healthy), Jack Roslovic (Broken Bone (Right Ankle) Injury), Joel Vermin (Healthy)
Nikita Gusev (Healthy), Shane Prince (Healthy), Trevor Moore (Healthy), Blake Hillman (Healthy), Michael Pezzetta (Healthy)
Austin Czarnik (Healthy), Jordan Binnington (Healthy)
% Time on Ice - Icehogs
Lines # - Real PCT - Wanted PCT - Time Play
Normal Forward
1 - 37% - 40% - 17:52
2 - 27% - 30% - 12:59
3 - 21% - 20% - 10:06
4 - 16% - 10% - 7:47
Normal Defense
1 - 36% - 40% - 17:41
2 - 34% - 30% - 16:33
3 - 25% - 20% - 12:17
4 - 5% - 10% - 2:13
PP Forward
1 - 55% - 60% - 3:25
2 - 45% - 40% - 2:45
PP Defense
1 - 68% - 60% - 4:13
2 - 32% - 40% - 1:57
PK Forward
1 - 83% - 60% - 3:02
2 - 17% - 40% - 0:36
PK Defense
1 - 79% - 60% - 2:52
2 - 21% - 40% - 0:46
PK3 Forward
1 - 0% - 60%
2 - 0% - 40%
PK3 Defense
1 - 0% - 60%
2 - 0% - 40%
44 Forward
1 - 77% - 60% - 1:08
2 - 23% - 40% - 0:20
44 Defense
1 - 67% - 60% - 0:59
2 - 33% - 40% - 0:29
Last Minute Offensive - 0:00
Last Minute Defensive - 0:00
Total
Forward - 60:00
Defense - 60:00
|
% Time on Ice - Reign
Lines # - Real PCT - Wanted PCT - Time Play
Normal Forward
1 - 33% - 35% - 16:07
2 - 25% - 25% - 12:18
3 - 21% - 20% - 10:01
4 - 21% - 20% - 10:18
Normal Defense
1 - 36% - 35% - 17:23
2 - 29% - 30% - 13:54
3 - 24% - 25% - 11:43
4 - 12% - 10% - 5:44
PP Forward
1 - 57% - 60% - 2:05
2 - 43% - 40% - 1:33
PP Defense
1 - 61% - 60% - 2:14
2 - 39% - 40% - 1:24
PK Forward
1 - 76% - 60% - 4:43
2 - 24% - 40% - 1:27
PK Defense
1 - 59% - 60% - 3:37
2 - 41% - 40% - 2:33
PK3 Forward
1 - 0% - 60%
2 - 0% - 40%
PK3 Defense
1 - 0% - 60%
2 - 0% - 40%
44 Forward
1 - 75% - 60% - 1:06
2 - 25% - 40% - 0:22
44 Defense
1 - 55% - 60% - 0:48
2 - 45% - 40% - 0:40
Last Minute Offensive - 0:00
Last Minute Defensive - 0:00
Total
Forward - 60:00
Defense - 60:00
|
Play-by-Play
1st period
0:01 of 1st period - Frederik Gauthier wins face-off versus Brendan Gaunce in neutral zone.
0:10 of 1st period - Wrist shot by Andrew Mangiapane.
0:10 of 1st period - Shot Misses the Net.
0:12 of 1st period - Wrist shot by Andrew Mangiapane.
0:12 of 1st period - Shot Misses the Net.
0:26 of 1st period - Michael Chaput is hit by A.J. Jenks and loses puck.
0:37 of 1st period - Slapshot by Thomas Chabot.
0:37 of 1st period - Stopped by Joe Cannata with a rebound.
0:52 of 1st period - Petter Granberg is hit by A.J. Jenks and loses puck.
1:07 of 1st period - Snap shot by Michael Chaput.
1:07 of 1st period - Stopped by Ilya Samsonov with a rebound.
1:09 of 1st period - Snap shot by Curtis Lazar.
1:09 of 1st period - Stopped by Ilya Samsonov with a rebound.
1:11 of 1st period - Slapshot by Nick Mattson.
1:11 of 1st period - Deflect By Curtis Lazar.
1:11 of 1st period - Stopped by Ilya Samsonov without a rebound.
1:12 of 1st period - Jacob Josefson wins face-off versus Tanner Richard in Reign zone.
3:05 of 1st period - Snap shot by Joachim Blichfeld.
3:05 of 1st period - Shot Misses the Net.
3:31 of 1st period - Snap shot by Joachim Blichfeld.
3:31 of 1st period - Stopped by Joe Cannata with a rebound.
3:33 of 1st period - Wrist shot by Joel Eriksson Ek.
3:33 of 1st period - Stopped by Joe Cannata with a rebound.
3:35 of 1st period - Wrist shot by Joachim Blichfeld.
3:35 of 1st period - Stopped by Joe Cannata with a rebound.
3:41 of 1st period - Wrist shot by Josh Anderson.
3:41 of 1st period - Stopped by Joe Cannata with a rebound.
3:43 of 1st period - Slapshot by Josh Anderson.
3:43 of 1st period - Stopped by Joe Cannata with a rebound.
3:45 of 1st period - Slapshot by Josh Anderson.
3:45 of 1st period - Stopped by Joe Cannata without a rebound.
3:46 of 1st period - Brendan Gaunce wins face-off versus Frederik Gauthier in Icehogs zone.
4:02 of 1st period - Snap shot by Andrew Mangiapane.
4:02 of 1st period - Stopped by Ilya Samsonov without a rebound.
4:03 of 1st period - Tanner Richard wins face-off versus Darroll Powe in Reign zone.
4:30 of 1st period - Mike Amadio is hit by Tyler Pitlick and loses puck.
4:57 of 1st period - Myles Bell is hit by Christian Dvorak.
5:11 of 1st period - Wrist shot by Darroll Powe.
5:11 of 1st period - Deflect By Mike Reilly.
5:11 of 1st period - Stopped by Joe Cannata with a rebound.
5:13 of 1st period - Slapshot by Jordan Schmaltz.
5:13 of 1st period - Shot Blocked by Nick Mattson.
5:33 of 1st period - Slapshot by Mike Reilly.
5:33 of 1st period - Shot Blocked by Tyler Pitlick.
7:39 of 1st period - Icing by Ben Harpur.
7:40 of 1st period - Dillon Dube wins face-off versus Brendan Gaunce in Icehogs zone.
7:40 of 1st period - Dillon Dube is hit by Tyler Pitlick.
7:54 of 1st period - Petter Granberg is hit by Tyler Pitlick and loses puck.
8:02 of 1st period - Icing by Petter Granberg.
8:03 of 1st period - Jacob Josefson wins face-off versus Dillon Dube in Icehogs zone.
8:04 of 1st period - Wrist shot by Vince Hinostroza.
8:04 of 1st period - Shot Blocked by Ben Harpur.
8:06 of 1st period - Snap shot by Vince Hinostroza.
8:06 of 1st period - Shot Misses the Net.
8:08 of 1st period - Slapshot by Jordan Schmaltz.
8:08 of 1st period - Shot Blocked by Petter Granberg.
8:10 of 1st period - Slapshot by Jordan Schmaltz.
8:10 of 1st period - Stopped by Joe Cannata without a rebound.
8:11 of 1st period - Frederik Gauthier wins face-off versus Christian Dvorak in Icehogs zone.
8:11 of 1st period - Frederik Gauthier is hit by Christian Dvorak.
8:25 of 1st period - Snap shot by Mike Amadio.
8:25 of 1st period - Deflect By Andrew Mangiapane.
8:25 of 1st period - Goal by Andrew Mangiapane - Icehogs : 1 - Reign : 0.
8:26 of 1st period - Tyler Pitlick wins face-off versus Andrew Mangiapane in neutral zone.
8:31 of 1st period - Wrist shot by Tyler Pitlick.
8:31 of 1st period - Shot Misses the Net.
8:41 of 1st period - Snap shot by Andrew Mangiapane.
8:41 of 1st period - Deflect By Frederik Gauthier.
8:41 of 1st period - Stopped by Ilya Samsonov without a rebound.
8:42 of 1st period - Tanner Richard wins face-off versus Darroll Powe in Reign zone.
8:44 of 1st period - Minor Penalty to Darroll Powe for Hooking.
8:45 of 1st period - Andrew Mangiapane wins face-off versus Tyler Pitlick in Reign zone.
8:45 of 1st period - Wrist shot by Frederik Gauthier.
8:45 of 1st period - Stopped by Ilya Samsonov with a rebound.
8:47 of 1st period - Wrist shot by Frederik Gauthier.
8:47 of 1st period - Shot Misses the Net.
9:29 of 1st period - Snap shot by Andrew Mangiapane.
9:29 of 1st period - Stopped by Ilya Samsonov with a rebound.
9:31 of 1st period - Snap shot by Mike Amadio.
9:31 of 1st period - Shot Misses the Net.
9:33 of 1st period - Slapshot by Ben Harpur.
9:33 of 1st period - Stopped by Ilya Samsonov without a rebound.
9:34 of 1st period - Michael Chaput wins face-off versus Brendan Gaunce in Reign zone.
10:44 of 1st period - Penalty to Darroll Powe is over, Darroll Powe is back on ice.
11:15 of 1st period - Snap shot by Mattias Janmark.
11:15 of 1st period - Shot Blocked by Brendan Guhle.
11:33 of 1st period - Slapshot by Joachim Blichfeld.
11:33 of 1st period - Deflect By Julius Honka.
11:33 of 1st period - Shot Misses the Net.
11:33 of 1st period - Puck is out of play.
11:34 of 1st period - Darroll Powe wins face-off versus Dillon Dube in Icehogs zone.
11:49 of 1st period - Snap shot by A.J. Jenks.
11:49 of 1st period - Shot Misses the Net.
13:28 of 1st period - Slapshot by Myles Bell.
13:28 of 1st period - Shot Misses the Net.
14:14 of 1st period - Wrist shot by Tanner Richard.
14:14 of 1st period - Shot Misses the Net.
14:48 of 1st period - Wrist shot by Brendan Gaunce.
14:48 of 1st period - Shot Blocked by Julius Honka.
15:19 of 1st period - Icing by Brendan Guhle.
15:20 of 1st period - Michael Chaput wins face-off versus Joel Eriksson Ek in Reign zone.
15:35 of 1st period - Slapshot by Mikhail Grigorenko.
15:35 of 1st period - Goal by Mikhail Grigorenko - Icehogs : 2 - Reign : 0.
15:36 of 1st period - Brendan Gaunce wins face-off versus Frederik Gauthier in neutral zone.
15:41 of 1st period - Wrist shot by Tyler Pitlick.
15:41 of 1st period - Goal by Tyler Pitlick - Icehogs : 2 - Reign : 1.
15:42 of 1st period - Brendan Gaunce wins face-off versus Frederik Gauthier in neutral zone.
15:45 of 1st period - Snap shot by Brendan Gaunce.
15:45 of 1st period - Stopped by Joe Cannata with a rebound.
15:47 of 1st period - Snap shot by Tyler Pitlick.
15:47 of 1st period - Shot Misses the Net.
15:49 of 1st period - Slapshot by Brendan Gaunce.
15:49 of 1st period - Shot Misses the Net.
15:51 of 1st period - Wrist shot by Brendan Gaunce.
15:51 of 1st period - Stopped by Joe Cannata without a rebound.
15:52 of 1st period - Brendan Gaunce wins face-off versus Frederik Gauthier in Icehogs zone.
16:09 of 1st period - Snap shot by Brendan Gaunce.
16:09 of 1st period - Stopped by Joe Cannata with a rebound.
16:11 of 1st period - Snap shot by Timo Meier.
16:11 of 1st period - Shot Blocked by Frederik Gauthier.
16:13 of 1st period - Snap shot by Timo Meier.
16:13 of 1st period - Shot Misses the Net.
17:04 of 1st period - Snap shot by Brendan Gaunce.
17:04 of 1st period - Stopped by Joe Cannata without a rebound.
17:05 of 1st period - Michael Chaput wins face-off versus Matthew Tkachuk in Icehogs zone.
17:10 of 1st period - Thomas Chabot is hit by Michael Chaput and loses puck.
17:31 of 1st period - Dylan Blujus is hit by Nikita Scherbak and loses puck.
18:17 of 1st period - Wrist shot by Michael Chaput.
18:17 of 1st period - Deflect By Mikhail Grigorenko.
18:17 of 1st period - Shot Misses the Net.
18:17 of 1st period - Puck is out of play.
18:18 of 1st period - Darroll Powe wins face-off versus Michael Chaput in Reign zone.
18:18 of 1st period - Darroll Powe is hit by Curtis Lazar.
19:03 of 1st period - Icing by Mike Amadio.
19:04 of 1st period - Frederik Gauthier wins face-off versus Brendan Gaunce in Icehogs zone.
19:04 of 1st period - Frederik Gauthier is hit by Brendan Gaunce.
19:25 of 1st period - Snap shot by Mike Amadio.
19:25 of 1st period - Stopped by Ilya Samsonov with a rebound.
19:27 of 1st period - Wrist shot by Frederik Gauthier.
19:27 of 1st period - Deflect By Mike Amadio.
19:27 of 1st period - Stopped by Ilya Samsonov without a rebound.
19:28 of 1st period - Darroll Powe wins face-off versus Michael Chaput in Reign zone.
19:42 of 1st period - Icing by Mikhail Grigorenko.
19:43 of 1st period - Brendan Gaunce wins face-off versus Michael Chaput in Icehogs zone.
Goals for this period are 2 for Icehogs vs 1 for Reign.
Shots for this period are 12 for Icehogs vs 14 for Reign.
2nd period
0:01 of 2nd period - Timo Meier wins face-off versus Frederik Gauthier in neutral zone.
0:26 of 2nd period - Ben Harpur is hit by Darroll Powe.
0:43 of 2nd period - Icing by Patrick Sieloff.
0:44 of 2nd period - Jacob Josefson wins face-off versus Michael Chaput in Icehogs zone.
0:45 of 2nd period - Wrist shot by Vince Hinostroza.
0:45 of 2nd period - Stopped by Joe Cannata without a rebound.
0:46 of 2nd period - Brendan Gaunce wins face-off versus Frederik Gauthier in Icehogs zone.
0:51 of 2nd period - Snap shot by Brendan Gaunce.
0:51 of 2nd period - Stopped by Joe Cannata without a rebound.
0:52 of 2nd period - Frederik Gauthier wins face-off versus Brendan Gaunce in Icehogs zone.
0:57 of 2nd period - Jordan Schmaltz is hit by Petter Granberg and loses puck.
1:04 of 2nd period - Slapshot by Nikita Tryamkin.
1:04 of 2nd period - Shot Misses the Net.
1:06 of 2nd period - Slapshot by Jordan Schmaltz.
1:06 of 2nd period - Stopped by Joe Cannata with a rebound.
1:20 of 2nd period - Slapshot by Brendan Gaunce.
1:20 of 2nd period - Stopped by Joe Cannata with a rebound.
1:22 of 2nd period - Wrist shot by Brendan Gaunce.
1:22 of 2nd period - Shot Misses the Net.
1:24 of 2nd period - Slapshot by Tyler Pitlick.
1:24 of 2nd period - Deflect By Andrew Mangiapane.
1:24 of 2nd period - Stopped by Joe Cannata with a rebound.
1:26 of 2nd period - Slapshot by Thomas Chabot.
1:26 of 2nd period - Stopped by Joe Cannata with a rebound.
1:30 of 2nd period - Snap shot by Tyler Pitlick.
1:30 of 2nd period - Stopped by Joe Cannata with a rebound.
1:32 of 2nd period - Wrist shot by Tyler Pitlick.
1:32 of 2nd period - Stopped by Joe Cannata without a rebound.
1:33 of 2nd period - Jacob Josefson wins face-off versus Michael Chaput in Icehogs zone.
1:58 of 2nd period - Mikhail Grigorenko is hit by Jordan Schmaltz and loses puck.
2:25 of 2nd period - Mike Reilly is hit by Darroll Powe and loses puck.
2:46 of 2nd period - Snap shot by Mike Amadio.
2:46 of 2nd period - Shot Misses the Net.
2:48 of 2nd period - Snap shot by Mike Amadio.
2:48 of 2nd period - Shot Misses the Net.
2:50 of 2nd period - Slapshot by Nick Mattson.
2:50 of 2nd period - Stopped by Ilya Samsonov without a rebound.
2:51 of 2nd period - Frederik Gauthier wins face-off versus Brendan Gaunce in Reign zone.
2:54 of 2nd period - Wrist shot by Frederik Gauthier.
2:54 of 2nd period - Shot Misses the Net.
2:56 of 2nd period - Snap shot by Andrew Mangiapane.
2:56 of 2nd period - Shot Misses the Net.
2:58 of 2nd period - Snap shot by Petter Granberg.
2:58 of 2nd period - Stopped by Ilya Samsonov with a rebound.
3:16 of 2nd period - Tanner Richard is hit by A.J. Jenks and loses puck.
3:23 of 2nd period - Jordan Schmaltz is hit by Tanner Richard and loses puck.
4:08 of 2nd period - Wrist shot by Michael Chaput.
4:08 of 2nd period - Shot Misses the Net.
4:22 of 2nd period - Wrist shot by Frederik Gauthier.
4:22 of 2nd period - Shot Misses the Net.
4:24 of 2nd period - Wrist shot by Frederik Gauthier.
4:24 of 2nd period - Stopped by Ilya Samsonov with a rebound.
4:26 of 2nd period - Snap shot by Andrew Mangiapane.
4:26 of 2nd period - Shot Blocked by Tyler Pitlick.
4:28 of 2nd period - Wrist shot by Petter Granberg.
4:28 of 2nd period - Stopped by Ilya Samsonov without a rebound.
4:29 of 2nd period - Darroll Powe wins face-off versus Tanner Richard in Reign zone.
4:38 of 2nd period - Snap shot by Tanner Richard.
4:38 of 2nd period - Deflect By Darroll Powe.
4:38 of 2nd period - Shot Misses the Net.
4:38 of 2nd period - Puck is out of play.
4:39 of 2nd period - Tanner Richard wins face-off versus Darroll Powe in Reign zone.
4:59 of 2nd period - Icing by Dylan Blujus.
5:00 of 2nd period - Frederik Gauthier wins face-off versus Darroll Powe in Reign zone.
5:23 of 2nd period - Snap shot by A.J. Jenks.
5:23 of 2nd period - Goal by A.J. Jenks - Icehogs : 2 - Reign : 2.
5:24 of 2nd period - Frederik Gauthier wins face-off versus Brendan Gaunce in neutral zone.
5:27 of 2nd period - Slapshot by Petter Granberg.
5:27 of 2nd period - Stopped by Ilya Samsonov without a rebound.
5:28 of 2nd period - Brendan Gaunce wins face-off versus Mike Amadio in Reign zone.
5:41 of 2nd period - Backhand shot by Petter Granberg.
5:41 of 2nd period - Shot Blocked by Brendan Gaunce.
5:43 of 2nd period - Slapshot by Frederik Gauthier.
5:43 of 2nd period - Shot Misses the Net.
5:45 of 2nd period - Snap shot by Frederik Gauthier.
5:45 of 2nd period - Stopped by Ilya Samsonov without a rebound.
5:46 of 2nd period - Jacob Josefson wins face-off versus Michael Chaput in Reign zone.
7:23 of 2nd period - Thomas Chabot is hit by Andrew Mangiapane and loses puck.
7:30 of 2nd period - Slapshot by Petter Granberg.
7:30 of 2nd period - Shot Misses the Net.
7:51 of 2nd period - Wrist shot by Vince Hinostroza.
7:51 of 2nd period - Shot Blocked by Nick Mattson.
8:07 of 2nd period - A.J. Jenks is hit by Nick Mattson and loses puck.
8:16 of 2nd period - Slapshot by Mike Reilly.
8:16 of 2nd period - Deflect By Myles Bell.
8:16 of 2nd period - Stopped by Ilya Samsonov without a rebound.
8:17 of 2nd period - Brendan Gaunce wins face-off versus Frederik Gauthier in Reign zone.
8:17 of 2nd period - Brendan Gaunce is hit by Frederik Gauthier.
8:53 of 2nd period - Snap shot by Mikhail Grigorenko.
8:53 of 2nd period - Shot Blocked by Logan Stanley.
9:10 of 2nd period - Icing by Patrick Sieloff.
9:11 of 2nd period - Dillon Dube wins face-off versus Brendan Gaunce in Icehogs zone.
10:15 of 2nd period - Snap shot by Michael Chaput.
10:15 of 2nd period - Shot Misses the Net.
10:19 of 2nd period - Wrist shot by Michael Chaput.
10:19 of 2nd period - Stopped by Ilya Samsonov without a rebound.
10:20 of 2nd period - Michael Chaput wins face-off versus Brendan Gaunce in Reign zone.
10:21 of 2nd period - Snap shot by Mikhail Grigorenko.
10:21 of 2nd period - Stopped by Ilya Samsonov with a rebound.
10:33 of 2nd period - Wrist shot by Tyler Pitlick.
10:33 of 2nd period - Stopped by Joe Cannata without a rebound.
10:34 of 2nd period - Joel Eriksson Ek wins face-off versus Frederik Gauthier in Icehogs zone.
10:39 of 2nd period - Wrist shot by Joachim Blichfeld.
10:39 of 2nd period - Stopped by Joe Cannata with a rebound.
10:47 of 2nd period - Snap shot by Mike Amadio.
10:47 of 2nd period - Stopped by Ilya Samsonov without a rebound.
10:48 of 2nd period - Brendan Gaunce wins face-off versus Frederik Gauthier in Reign zone.
10:48 of 2nd period - Brendan Gaunce is hit by Andrew Mangiapane.
11:21 of 2nd period - Wrist shot by A.J. Jenks.
11:21 of 2nd period - Stopped by Joe Cannata without a rebound.
11:22 of 2nd period - Michael Chaput wins face-off versus Jacob Josefson in Icehogs zone.
11:47 of 2nd period - Brendan Guhle is hit by Mattias Janmark.
12:09 of 2nd period - Petter Granberg is hit by Jakob Chychrun.
12:15 of 2nd period - Brendan Gaunce is hit by Andrew Mangiapane.
13:20 of 2nd period - Mike Amadio is hit by Logan Stanley and loses puck.
13:39 of 2nd period - Snap shot by Kevin Fiala.
13:39 of 2nd period - Stopped by Ilya Samsonov without a rebound.
13:40 of 2nd period - Tanner Richard wins face-off versus Joel Eriksson Ek in Reign zone.
13:54 of 2nd period - Icing by Kevin Fiala.
13:55 of 2nd period - Tanner Richard wins face-off versus Brendan Gaunce in Icehogs zone.
14:04 of 2nd period - Snap shot by Tanner Richard.
14:04 of 2nd period - Shot Misses the Net.
14:09 of 2nd period - Minor Penalty to Brendan Gaunce for Charging.
14:10 of 2nd period - Frederik Gauthier wins face-off versus Darroll Powe in Reign zone.
16:05 of 2nd period - Ben Harpur is hit by Joel Eriksson Ek and loses puck.
16:09 of 2nd period - Penalty to Brendan Gaunce is over, Brendan Gaunce is back on ice.
16:34 of 2nd period - Minor Penalty to Kevin Fiala for Hooking.
16:35 of 2nd period - Brendan Gaunce wins face-off versus Frederik Gauthier in Icehogs zone.
16:42 of 2nd period - Snap shot by Brendan Gaunce.
16:42 of 2nd period - Stopped by Joe Cannata with a rebound.
16:44 of 2nd period - Slapshot by Thomas Chabot.
16:44 of 2nd period - Deflect By Frederik Gauthier.
16:44 of 2nd period - Stopped by Joe Cannata with a rebound.
16:46 of 2nd period - Slapshot by Timo Meier.
16:46 of 2nd period - Stopped by Joe Cannata without a rebound.
16:47 of 2nd period - Brendan Gaunce wins face-off versus Frederik Gauthier in Icehogs zone.
17:42 of 2nd period - Wrist shot by Michael Chaput.
17:42 of 2nd period - Shot Misses the Net.
17:47 of 2nd period - Icing by Jack Dougherty.
17:48 of 2nd period - Brendan Gaunce wins face-off versus Frederik Gauthier in Reign zone.
18:13 of 2nd period - Minor Penalty to Jack Dougherty for Hooking.
18:14 of 2nd period - Brendan Gaunce wins face-off versus Frederik Gauthier in Reign zone.
18:34 of 2nd period - Penalty to Kevin Fiala is over, Kevin Fiala is back on ice.
18:38 of 2nd period - Icing by Curtis Lazar.
18:39 of 2nd period - Michael Chaput wins face-off versus Brendan Gaunce in Icehogs zone.
18:44 of 2nd period - Slapshot by Petter Granberg.
18:44 of 2nd period - Stopped by Ilya Samsonov without a rebound.
18:45 of 2nd period - Darroll Powe wins face-off versus Frederik Gauthier in Reign zone.
Goals for this period are 0 for Icehogs vs 1 for Reign.
Shots for this period are 12 for Icehogs vs 15 for Reign.
3rd period
0:01 of 3rd period - Darroll Powe wins face-off versus Frederik Gauthier in neutral zone.
0:13 of 3rd period - Penalty to Jack Dougherty is over, Jack Dougherty is back on ice.
0:20 of 3rd period - Vince Hinostroza is hit by Mike Amadio and loses puck.
0:58 of 3rd period - Kevin Fiala is hit by Joachim Blichfeld and loses puck.
2:01 of 3rd period - Snap shot by Joachim Blichfeld.
2:01 of 3rd period - Shot Misses the Net.
2:59 of 3rd period - Snap shot by Frederik Gauthier.
2:59 of 3rd period - Goal by Frederik Gauthier - Icehogs : 3 - Reign : 2.
3:00 of 3rd period - Brendan Gaunce wins face-off versus Frederik Gauthier in neutral zone.
3:53 of 3rd period - Slapshot by Nick Mattson.
3:53 of 3rd period - Deflect By Dillon Dube.
3:53 of 3rd period - Stopped by Ilya Samsonov without a rebound.
3:54 of 3rd period - Brendan Gaunce wins face-off versus Frederik Gauthier in Reign zone.
3:58 of 3rd period - Off-side.
3:59 of 3rd period - Frederik Gauthier wins face-off versus Timo Meier in neutral zone.
4:51 of 3rd period - Ben Harpur is hit by Jordan Schmaltz and loses puck.
5:15 of 3rd period - Slapshot by Jakob Chychrun.
5:15 of 3rd period - Stopped by Joe Cannata without a rebound.
5:16 of 3rd period - Frederik Gauthier wins face-off versus Brendan Gaunce in Icehogs zone.
5:16 of 3rd period - Frederik Gauthier is hit by Timo Meier.
5:42 of 3rd period - Wrist shot by Joachim Blichfeld.
5:42 of 3rd period - Shot Misses the Net.
5:44 of 3rd period - Wrist shot by Joel Eriksson Ek.
5:44 of 3rd period - Shot Misses the Net.
5:46 of 3rd period - Wrist shot by Joachim Blichfeld.
5:46 of 3rd period - Stopped by Joe Cannata with a rebound.
5:48 of 3rd period - Slapshot by Jakob Chychrun.
5:48 of 3rd period - Shot Misses the Net.
5:50 of 3rd period - Wrist shot by Josh Anderson.
5:50 of 3rd period - Shot Blocked by Julius Honka.
5:52 of 3rd period - Slapshot by Joel Eriksson Ek.
5:52 of 3rd period - Stopped by Joe Cannata without a rebound.
5:53 of 3rd period - Tyler Pitlick wins face-off versus Michael Chaput in Icehogs zone.
5:53 of 3rd period - Thomas Chabot is hit by Petter Granberg and loses puck.
6:00 of 3rd period - Slapshot by Brendan Gaunce.
6:00 of 3rd period - Stopped by Joe Cannata with a rebound.
6:20 of 3rd period - Matthew Tkachuk is hit by Petter Granberg and loses puck.
7:57 of 3rd period - Snap shot by Tanner Richard.
7:57 of 3rd period - Shot Misses the Net.
8:17 of 3rd period - Slapshot by Joel Eriksson Ek.
8:17 of 3rd period - Deflect By Joachim Blichfeld.
8:17 of 3rd period - Stopped by Joe Cannata with a rebound.
8:36 of 3rd period - Wrist shot by Frederik Gauthier.
8:36 of 3rd period - Stopped by Ilya Samsonov with a rebound.
9:36 of 3rd period - Slapshot by Jordan Schmaltz.
9:36 of 3rd period - Shot Blocked by Petter Granberg.
9:52 of 3rd period - Wrist shot by Mike Amadio.
9:52 of 3rd period - Shot Misses the Net.
9:54 of 3rd period - Wrist shot by Andrew Mangiapane.
9:54 of 3rd period - Shot Misses the Net.
9:58 of 3rd period - Slapshot by Frederik Gauthier.
9:58 of 3rd period - Shot Misses the Net.
10:00 of 3rd period - Slapshot by Ben Harpur.
10:00 of 3rd period - Deflect By Vince Hinostroza.
10:00 of 3rd period - Stopped by Ilya Samsonov with a rebound.
10:12 of 3rd period - Wrist shot by Brendan Gaunce.
10:12 of 3rd period - Shot Misses the Net.
10:32 of 3rd period - Dylan Blujus is hit by Julius Honka and loses puck.
11:01 of 3rd period - Wrist shot by Joachim Blichfeld.
11:01 of 3rd period - Shot Blocked by Myles Bell.
11:10 of 3rd period - Off-side.
11:11 of 3rd period - Frederik Gauthier wins face-off versus Jacob Josefson in neutral zone.
11:40 of 3rd period - Slapshot by Mike Amadio.
11:40 of 3rd period - Deflect By Andrew Mangiapane.
11:40 of 3rd period - Shot Misses the Net.
11:40 of 3rd period - Puck is out of play.
11:41 of 3rd period - Michael Chaput wins face-off versus Darroll Powe in Reign zone.
12:06 of 3rd period - Brendan Gaunce is hit by Kevin Fiala and loses puck.
12:33 of 3rd period - Wrist shot by Joachim Blichfeld.
12:33 of 3rd period - Stopped by Joe Cannata with a rebound.
12:35 of 3rd period - Snap shot by Joel Eriksson Ek.
12:35 of 3rd period - Stopped by Joe Cannata without a rebound.
12:36 of 3rd period - Darroll Powe wins face-off versus Michael Chaput in Icehogs zone.
12:41 of 3rd period - Snap shot by Darroll Powe.
12:41 of 3rd period - Shot Misses the Net.
13:03 of 3rd period - Snap shot by Kevin Fiala.
13:03 of 3rd period - Shot Misses the Net.
13:05 of 3rd period - Snap shot by Kevin Fiala.
13:05 of 3rd period - Shot Misses the Net.
13:07 of 3rd period - Slapshot by Nick Mattson.
13:07 of 3rd period - Stopped by Ilya Samsonov without a rebound.
13:08 of 3rd period - Brendan Gaunce wins face-off versus Mattias Janmark in Reign zone.
13:26 of 3rd period - Icing by Nikita Tryamkin.
13:27 of 3rd period - Frederik Gauthier wins face-off versus Brendan Gaunce in Reign zone.
13:38 of 3rd period - Minor Penalty to Ben Harpur for Tripping.
13:39 of 3rd period - Frederik Gauthier wins face-off versus Brendan Gaunce in Icehogs zone.
13:43 of 3rd period - Slapshot by Mike Reilly.
13:43 of 3rd period - Stopped by Ilya Samsonov with a rebound.
13:54 of 3rd period - Off-side.
13:55 of 3rd period - Brendan Gaunce wins face-off versus Frederik Gauthier in neutral zone.
14:12 of 3rd period - Timo Meier is hit by Mike Reilly and loses puck.
14:31 of 3rd period - Andrew Mangiapane is hit by Matthew Tkachuk and loses puck.
15:30 of 3rd period - Mattias Janmark is hit by Darroll Powe and loses puck.
15:38 of 3rd period - Penalty to Ben Harpur is over, Ben Harpur is back on ice.
15:41 of 3rd period - Ben Harpur is hit by Joel Eriksson Ek and loses puck.
16:08 of 3rd period - Snap shot by Joachim Blichfeld.
16:08 of 3rd period - Stopped by Joe Cannata with a rebound.
16:22 of 3rd period - Tanner Richard is hit by Jack Dougherty and loses puck.
16:47 of 3rd period - Wrist shot by Tanner Richard.
16:47 of 3rd period - Stopped by Ilya Samsonov without a rebound.
16:48 of 3rd period - Jacob Josefson wins face-off versus Frederik Gauthier in Reign zone.
16:57 of 3rd period - Snap shot by Mike Amadio.
16:57 of 3rd period - Shot Misses the Net.
17:27 of 3rd period - Christian Dvorak is hit by Frederik Gauthier and loses puck.
17:39 of 3rd period - Off-side.
17:40 of 3rd period - Michael Chaput wins face-off versus Brendan Gaunce in neutral zone.
18:18 of 3rd period - Minor Penalty to Matthew Tkachuk for High sticking.
18:19 of 3rd period - Darroll Powe wins face-off versus Frederik Gauthier in Reign zone.
18:19 of 3rd period - Darroll Powe is hit by Frederik Gauthier.
18:31 of 3rd period - Vince Hinostroza is hit by Ben Harpur.
18:45 of 3rd period - Jordan Schmaltz is hit by Curtis Lazar.
18:51 of 3rd period - Minor Penalty to Mikhail Grigorenko for Hooking.
18:52 of 3rd period - Frederik Gauthier wins face-off versus Brendan Gaunce in Icehogs zone.
19:03 of 3rd period - Ben Harpur is hit by Nikita Tryamkin and loses puck.
Goals for this period are 1 for Icehogs vs 0 for Reign.
Shots for this period are 7 for Icehogs vs 8 for Reign.